 Dungeon Crawl Stone Soup version 0.29-a0-872-g797fff5ad1 (webtiles) character file.

Game seed: 9162561727025667950

9 mathmaestro the Grave Robber (level 2, 20/20 HPs)
             Began as a Demonspawn Necromancer on July 18, 2022.
             Quit the game on level 1 of the Dungeon.
             The game lasted 00:01:34 (597 turns).

mathmaestro the Grave Robber (DsNe)                  Turns: 597, Time: 00:01:34

Health: 20/20      AC:  2    Str:  8    XL:     2   Next: 3%
Magic:  5/5        EV: 12    Int: 16    God:
Gold:   14         SH:  0    Dex: 13    Spells: 4/5 levels left

rFire   . . .      SeeInvis .   (no weapon)
rCold   . . .      Faith    .   (no shield)
rNeg    . . .      Spirit   .   a - +0 robe
rPois   .          Reflect  .   (no helmet)
rElec   .          Harm     .   (no cloak)
rCorr   .          Rampage  .   (no gloves)
Will    .....                   (no boots)
Stlth   ++........              (no amulet)
HPRegen 0.06/turn               (no ring)
MPRegen 0.09/turn               (no ring)

@: no status effects
A: ignite blood 1
a: no special abilities


You were on level 1 of the Dungeon.
You visited 1 branch of the dungeon, and saw 1 of its levels.

You collected 14 gold pieces.

Inventory:

Armour
 a - a +0 robe (worn)
Scrolls
 c - a scroll of identify {unknown}
 d - a scroll of vulnerability {unknown}
 e - a scroll of summoning {unknown}
 f - a scroll of teleportation {unknown}
 g - a scroll of blinking {unknown}
 h - a scroll of brand weapon {unknown}
Potions
 b - a potion of magic


   Skills:
 + Level 0.4 Fighting
 + Level 1.9 Dodging
 - Level 2.0 Stealth
 + Level 2.1 Spellcasting
 + Level 4.5 Necromancy


You had 4 spell levels left.
You knew the following spells:

 Your Spells              Type           Power      Damage    Failure   Level
a - Necrotise             Necr           64%        1d7       3%          1

Your spell library contained the following spells:

 Spells                   Type           Power      Damage    Failure   Level
 Vampiric Draining        Necr           16%        2d7       10%         3
 Slow                     Hex            4%         N/A       21%         1
 Animate Dead             Necr           16%        N/A       32%         4
 Confusing Touch          Hex            1%         N/A       52%         3
 Agony                    Necr           16%        N/A       65%         5


Dungeon Overview and Level Annotations

Branches:
Dungeon (1/15)

Altars:


Innate Abilities, Weirdness & Mutations

Your demonic aura sometimes causes spilled blood to erupt in flames.


Message History

The dead are flying!
Magic restored.
A dart slug comes into view.
Found a scroll labelled BEMOMU AWNOF.
Casting: Necrotise (safe; 3% risk of failure)
Confirm with . or Enter, or press ? or * to list all spells.
You can't see any susceptible monsters within range! (Use Z to cast anyway.) Unknown command.
Your bat skeleton hits the dart slug. x2
The dart slug closely misses your bat skeleton.
Your bat skeleton hits the dart slug.
Your bat skeleton barely misses the dart slug.
Your bat skeleton hits the dart slug.
Casting: Necrotise (safe; 3% risk of failure)
Confirm with . or Enter, or press ? or * to list all spells.
Aiming: Necrotise (safe; 3% risk of failure)
Press: ? - help, Shift-Dir - straight line, f - dart slug
Aim: a dart slug (heavily wounded, ally target, chance to affect: 85%) Really fire in your bat skeleton's direction?
Okay, then.
Your bat skeleton hits the dart slug but does no damage.
Your bat skeleton hits the dart slug.
The dart slug bites your bat skeleton.
Your bat skeleton hits the dart slug.
Your bat skeleton hits the dart slug but does no damage.
Your bat skeleton completely misses the dart slug.
The dart slug bites your bat skeleton.
h - a scroll labelled BEMOMU AWNOF Your bat skeleton hits the dart slug.
Your bat skeleton hits the dart slug but does no damage.
The dart slug bites your bat skeleton.
Your bat skeleton hits the dart slug.
Your bat skeleton hits the dart slug but does no damage. x2
Your bat skeleton hits the dart slug. x2
The dart slug dies!
Training target 2.0 for Stealth reached!
Your Stealth skill increases to level 2!
You have reached level 2!
Your demonic ancestry asserts itself...
Your blood heats up.
Are you sure you want to abandon this character and quit the game? (Confirm with "yes".)

....... .##.....#
.......##### . #.........
#. #........ #..##.#...#.#
# ..##.#
......#..†#.###.#.#.
#..#.#.##..#.....Z.........
.#...#..........@........#.
..#..............#.###.....
...#####.........#.# #.#.
......#...#..#...#.# #
.....#....#.>#...#.#
<....#....##.#.#.#.#
......#..........#.#
...#####..####.###.#
..#.......####.##


You could see a friendly bat skeleton.

Vanquished Creatures
  A giant cockroach (D:1)
  3 jackals (D:1)
  A bat (D:1)
5 creatures vanquished.

Vanquished Creatures (collateral kills)
  A dart slug (D:1)
1 creature vanquished.

Grand Total: 6 creatures vanquished

Notes
Turn   | Place    | Note
-------+----------+-------------------------------------------
     0 | D:1      | mathmaestro the Demonspawn Necromancer began the quest for
                  | the Orb.
     0 | D:1      | Reached XP level 1. HP: 13/13 MP: 3/3
   597 | D:1      | Gained mutation: Your demonic aura sometimes causes spilled
                  | blood to erupt in flames. [demonic ancestry]
   597 | D:1      | Reached XP level 2. HP: 20/20 MP: 5/5
   597 | D:1      | Quit the game

Illustrated notes

Levels and vault maps discovered:
D:1:      scummos_arrival_star, layout_basic, chequers_ecumenical_altar_twisty

Skill      XL: |  1 |
---------------+----+-----
Stealth        | 2 |  2.0
Fighting       | |  0.4
Dodging        | |  1.9
Spellcasting   | |  2.1
Necromancy     | |  4.5

Action                   || total
-------------------------++-------
 Cast: Necrotise         ||    10
  Use: Potion            ||     3
Armor: Robe              ||     4
Dodge: Dodged            ||    10

Table legend: (Time is in decaauts)
 A = Elapsed time spent in this place.
 B = Non-inter-level travel time spent in this place.
 C = Inter-level travel time spent in this place.
 D = Time resting spent in this place.
 E = Time spent auto-exploring this place.
 F = Levels seen in this place.
 G = Mean time per level.
                   A        B        C        D        E       F      G
               +--------+--------+--------+--------+--------+-----+--------+
         Total |    584 |    584 |      0 |    292 |    197 |   1 |  584.0 |
       Dungeon |    584 |    584 |      0 |    292 |    197 |   1 |  584.0 |
               +--------+--------+--------+--------+--------+-----+--------+

Top non-repeatable levels by time:
     D:1: 584 daAuts
